 Dungeon Crawl Stone Soup version 0.29.1-1-gd02db6906a (webtiles) character file.

Game seed: 7620759118521455232

412 Descartes the Shield-Bearer (level 7, -2/54 HPs)
             Began as a Formicid Fighter on Sept 27, 2022.
             Slain by a killer bee (5 damage)
             ... on level 4 of the Dungeon.
             The game lasted 00:04:11 (3964 turns).

Descartes the Shield-Bearer (Formicid Fighter)      Turns: 3964, Time: 00:04:11

Health: -2/54      AC:  7    Str: 22    XL:     7   Next: 14%
Magic:  7/7        EV: 10    Int:  8    God:
Gold:   308        SH:  5    Dex: 13    Spells: 6/6 levels left

rFire   . . .      SeeInvis +   a - +0 war axe
rCold   . . .      Faith    .   c - +0 buckler
rNeg    . . .      Spirit   .   b - +0 scale mail
rPois   .          Reflect  .   (helmet unavailable)
rElec   .          Harm     .   (no cloak)
rCorr   .          Rampage  .   (no gloves)
Will    .....                   (no boots)
Stlth   ..........              (no amulet)
HPRegen 0.18/turn               (no ring)
MPRegen 0.10/turn               (no ring)

@: mighty, lethally poisoned (-2 -> -9)
A: permanent stasis, dig shafts and tunnels, antennae 3, four strong arms
a: Dig, Shaft Self


You were on level 4 of the Dungeon.
You visited 1 branch of the dungeon, and saw 4 of its levels.

You collected 308 gold pieces.

Inventory:

Hand Weapons
 a - a +0 war axe (weapon)
Missiles
 i - 4 boomerangs
 n - 2 poisoned darts
Armour
 b - a +0 scale mail (worn)
 c - a +0 buckler (worn)
Jewellery
 m - a ring of wizardry
Scrolls
 e - 3 scrolls of enchant armour {unknown}
 g - 3 scrolls of teleportation {unknown}
 h - a scroll of identify {unknown}
 j - 3 scrolls of magic mapping {unknown}
 k - 2 scrolls of amnesia {unknown}
 l - a scroll of enchant weapon {unknown}
 q - a scroll of butterflies {unknown}
 r - a scroll of blinking {unknown}
 s - a scroll of fear {unknown}
 t - a scroll of silence {unknown}
Potions
 d - 2 potions of might


   Skills:
 + Level 4.0 Fighting
 * Level 4.7 Axes
 * Level 4.8 Armour
 + Level 1.2 Dodging
 * Level 4.9 Shields
 * Level 1.7 Translocations


You had 6 spell levels left.
You didn't know any spells.
Your spell library contained the following spells:

 Spells                   Type           Power      Damage    Failure   Level
 Freeze                   Ice            0%         1d3       78%         1
 Static Discharge         Conj/Air       0%         3-3/arc   89%         2
 Frozen Ramparts          Ice            0%         1d1       98%         3
 Dispel Undead            Necr           0%         3d6       100%        4
 Hailstorm                Conj/Ice       0%         3d3       100%        4
 Sticky Flame             Conj/Fire      0%         2d3       100%        4
 Lightning Bolt           Conj/Air       0%         1d11      100%        5
 Maxwell's Capacitive Co  Air            0%         ∞         100%        8
 Chain Lightning          Conj/Air       0%         N/A       100%        9
 Fire Storm               Conj/Fire      0%         5d1       100%        9
 Shatter                  Erth           0%         3d5*      100%        9


Dungeon Overview and Level Annotations

Branches:
Dungeon (4/15)
 Temple: D:4-7

Altars:
Ashenzari
The Shining One

Annotations:
D:2 1 runed translucent door, Crazy Yiuf


Innate Abilities, Weirdness & Mutations

You cannot be hasted, slowed, berserked, paralysed or teleported.
You can dig through walls and to a lower floor.
You have a pair of large antennae on your head. (SInv)
Your four strong arms can wield two-handed weapons with a shield.


Message History

The killer bee stings you.
You are more poisoned.
The killer bee poisons you! The killer bee stings you.
You closely miss the killer bee.
The killer bee is almost dead.
You feel very sick. The killer bee barely misses you. x2
The killer bee stings you but does no damage.
You slash the killer bee!
You kill the killer bee!
You feel very sick. You block the killer bee's attack.
You slash the killer bee!
The killer bee is heavily wounded.
You feel very sick. The killer bee closely misses you.
You block the killer bee's attack. The killer bee closely misses you.
You miss the killer bee.
The killer bee is heavily wounded.
You feel sick. You block the killer bee's attack. x2
You closely miss the killer bee.
The killer bee is heavily wounded.
You feel sick. The killer bee misses you. The killer bee stings you.
* * * LOW HITPOINT WARNING * * *
The killer bee completely misses you.
Unknown command.
You miss the killer bee.
The killer bee is heavily wounded.
You feel sick.
The killer bee stings you but does no damage.
The killer bee stings you.
* * * LOW HITPOINT WARNING * * *
You are lethally poisoned!
The killer bee poisons you!
You closely miss the killer bee.
The killer bee is heavily wounded.
* * * LOW HITPOINT WARNING * * *
You feel very sick. The killer bee stings you.
You die...

.....#.#
.....#.#
.....#.#
######.# #.# #.#
#.#
#.##############
#..........@yy.#
#############.##
.# y# { { y# .#
.# .#


You could see 2 killer bees.

Vanquished Creatures
  A phantom (D:4)
  2 killer bees (D:4)
  A jelly (D:3)
  A hound (D:4)
  An iguana (D:3)
  3 gnolls (D:3)
  5 adders
  An ufetubus (D:4)
  A worm (D:4)
  2 dart slugs
  An orc (D:4)
  10 ball pythons
  6 bats
  4 endoplasms
  5 giant cockroaches
  7 hobgoblins
  5 quokkas
  3 frilled lizards
  7 goblins
  9 kobolds
  4 rats (D:1)
79 creatures vanquished.

Notes
Turn   | Place    | Note
-------+----------+-------------------------------------------
     0 | D:1      | Descartes the Formicid Fighter began the quest for the Orb.
     0 | D:1      | Reached XP level 1. HP: 18/18 MP: 1/1
   301 | D:1      | Reached XP level 2. HP: 24/24 MP: 2/2
   792 | D:1      | Reached XP level 3. HP: 24/29 MP: 3/3
  1251 | D:2      | Reached skill level 1 in Translocations
  1484 | D:2      | Reached XP level 4. HP: 26/35 MP: 4/4
  1813 | D:2      | Found a runed translucent door.
  1814 | D:2      | Noticed Crazy Yiuf
  1969 | D:2      | Found a faded altar of an unknown god.
  2356 | D:3      | Reached XP level 5. HP: 29/41 MP: 5/5
  2696 | D:3      | Reached skill level 1 in Dodging
  3178 | D:4      | Reached XP level 6. HP: 48/48 MP: 6/6
  3507 | D:4      | Found a glowing golden altar of the Shining One.
  3562 | D:4      | Found a broken altar of Ashenzari.
  3746 | D:4      | Reached XP level 7. HP: 9/54 MP: 7/7
  3751 | D:4      | HP: 2/54 [poisoned by a killer bee]
  3964 | D:4      | Slain by a killer bee

Illustrated notes

Levels and vault maps discovered:
D:1:      ebering_trefoil_twist, layout_loops_ring
D:2:      layout_basic, hellmonk_ecumenical_altar_zigzags,
          uniq_crazy_yiuf_cottage
D:3:      layout_basic
D:4:      layout_basic, mainiacjoe_overflow_catch_the_wave,
          minmay_temple_entry_hall

Skill      XL: |  1  2  3  4  5  6 |
---------------+-------------------+-----
Translocations | 1 |  1.7
Armour         | 4 |  4.8
Axes           | 3 4 |  4.7
Dodging        | 1 |  1.2
Fighting       | 4 |  4.0
Shields        | |  4.9

Action                   |  1- 3 |  4- 6 |  7- 9 || total
-------------------------+-------+-------+-------++-------
Melee: War axe           |    77 |   159 |    11 ||   247
  Use: Potion            |       |       |     4 ||     4
Armor: Scale mail        |    40 |    74 |     4 ||   118
Dodge: Dodged            |    30 |   108 |    10 ||   148
Block: Buckler           |    17 |    45 |     7 ||    69
